 Dungeon Crawl Stone Soup version 0.30-a0-373-gd37427bb62 (webtiles) character file.

Game seed: 16317263957832772973

21 bande the Covered (level 2, -2/19 HPs)
             Began as a Gargoyle Fighter on Nov 23, 2022.
             Frozen to death by an endoplasm (4 damage)
             ... on level 1 of the Dungeon.
             The game lasted 00:00:18 (78 turns).

bande the Covered (Gargoyle Fighter)                  Turns: 78, Time: 00:00:20

Health: -2/19      AC:  9    Str: 19    XL:     2   Next: 87%
Magic:  2/2        EV:  9    Int:  8    God:
Gold:   6          SH:  4    Dex:  9    Spells: 1/1 levels left

rFire   . . .      SeeInvis .    a - +0 war axe
rCold   . . .      Faith    .    c - +0 buckler
rNeg    + . .      Spirit   .    b - +0 scale mail
rPois   ∞          Reflect  .    (no helmet)
rElec   +          Harm     .    (no cloak)
rCorr   .          Rampage  .    (no gloves)
Will    .....                    (no boots)
Stlth   ..........               (no amulet)
HPRegen 0.23/turn                (no ring)
MPRegen 0.08/turn                (no ring)

@: no status effects
A: sickness immunity, AC +2, negative energy resistance 1, electricity
resistance, torment resistance 1, petrification resistance
a: no special abilities


You were on level 1 of the Dungeon.
You visited 1 branch of the dungeon, and saw 1 of its levels.

You collected 6 gold pieces.

Inventory:

Hand Weapons
 a - a +0 war axe (weapon)
Armour
 b - a +0 scale mail (worn)
 c - a +0 buckler (worn)
Scrolls
 e - a scroll of identify {unknown}
Potions
 d - a potion of might


   Skills:
 + Level 3.6 Fighting
 + Level 2.0 Axes
 + Level 3.6 Armour
 + Level 3.6 Shields


You had one spell level left.
You didn't know any spells.
Your spell library was empty.

Dungeon Overview and Level Annotations

Branches:
Dungeon (1/15)

Altars:


Innate Abilities, Weirdness & Mutations

You are immune to sickness and miasma.
Your stone body is resilient. (AC +2)
You are immune to poison.
You resist negative energy. (rN+)
You are resistant to electric shocks. (rElec)
You are resistant to unholy torment.
You are immune to petrification.


Message History

You hit the gnoll.
The gnoll is lightly wounded.
The gnoll barely misses you.
You barely miss the gnoll.
The gnoll is lightly wounded.
The gnoll barely misses you. The gnoll hits you with a +0 club.
The endoplasm barely misses you.
You closely miss the gnoll.
The gnoll is lightly wounded.
You slash the endoplasm!
You kill the endoplasm!
The gnoll hits you but does no damage.
Unknown command.
You slash the gnoll!
The gnoll is severely wounded.
You closely miss the rat. The rat bites you. The gnoll hits you with a +0 club.
The rat closely misses you. You block the gnoll's attack.
You barely miss the gnoll.
The gnoll is severely wounded.
You hit the rat but do no damage. The rat closely misses you.
The gnoll hits you with a +0 club.
* * * LOW HITPOINT WARNING * * *
Unknown command.
You closely miss the gnoll.
The gnoll is severely wounded.
You barely miss the rat. The gnoll hits you but does no damage.
The rat bites you but does no damage. x2; The gnoll hits you with a +0 club.
* * * LOW HITPOINT WARNING * * *
You slash the gnoll!
You kill the gnoll!
You barely miss the rat. The rat closely misses you.
Your Axes skill increases to level 2!
Unknown command.
You hit the endoplasm.
The endoplasm is moderately wounded.
You hit the rat.
You kill the rat!
The endoplasm freezes you.
You are frozen.
You die...

#.######.........
#................
#..........?.....
#...............J
#.........#......
#.#.†...>.#......
#.#..............
###.#.....†J#.g....
#...#......@#......
#.###.##...........
#.#.....(#....#....
##.....#######......
##..##..# #..(..
####...##..# #....
...........# #...
...........# ...
...........# .#


You could see an endoplasm.

Vanquished Creatures
  A gnoll (D:1)
  A dart slug (D:1)
  An endoplasm (D:1)
  A goblin (D:1)
  A hobgoblin (D:1)
  A kobold (D:1)
  A quokka (D:1)
  A frilled lizard (D:1)
  2 rats (D:1)
10 creatures vanquished.

Notes
Turn   | Place    | Note
-------+----------+-------------------------------------------
     0 | D:1      | bande the Gargoyle Fighter began the quest for the Orb.
     0 | D:1      | Reached XP level 1. HP: 14/14 MP: 1/1
    55 | D:1      | Reached XP level 2. HP: 19/19 MP: 2/2
    78 | D:1      | Frozen to death by an endoplasm

Illustrated notes

Levels and vault maps discovered:
D:1:      dreamdust_arrival_beginning_and_end, layout_rooms

Skill      XL: |  1  2 |
---------------+-------+-----
Axes           | 2 |  2.0
Fighting       | |  3.6
Armour         | |  3.6
Shields        | |  3.6

Action                   || total
-------------------------++-------
Melee: War axe           ||    30
Armor: Scale mail        ||    15
Dodge: Dodged            ||    18
Block: Buckler           ||     7

Table legend: (Time is in decaauts)
 A = Elapsed time spent in this place.
 B = Non-inter-level travel time spent in this place.
 C = Inter-level travel time spent in this place.
 D = Time resting spent in this place.
 E = Time spent auto-exploring this place.
 F = Levels seen in this place.
 G = Mean time per level.
                   A        B        C        D        E       F      G
               +--------+--------+--------+--------+--------+-----+--------+
         Total |     91 |     91 |      0 |      0 |     23 |   1 |   91.0 |
       Dungeon |     91 |     91 |      0 |      0 |     23 |   1 |   91.0 |
               +--------+--------+--------+--------+--------+-----+--------+

Top non-repeatable levels by time:
     D:1: 91 daAuts
